 Dungeon Crawl Stone Soup version 0.19-a0-1654-g9d3f708 (console) character file.

1020 flowsnake the Carver (level 8, -3/56 HPs)
             Began as a Demonspawn Gladiator on Sept 20, 2016.
             Was an Elder of Ru.
             Killed by divine providence
             ... invoked by an orc priest
              (14 damage)
             ... on level 6 of the Dungeon.
             The game lasted 00:23:41 (6655 turns).

flowsnake the Carver (Demonspawn Gladiator)         Turns: 6655, Time: 00:23:42

Health: -3/56      AC:  5    Str: 15    XL:     8   Next: 2%
Magic:  8/8        EV: 12    Int: 11    God:    Ru [****..]
Gold:   306        SH:  0    Dex: 15    Spells: 0 memorised, 7 levels left

rFire  . . .     SeeInvis .     a - +0 long sword
rCold  . . .     Gourm    .     b - +0 leather armour
rNeg   + . .     Faith    .     (no shield)
rPois  .         Spirit   .     c - +0 helmet
rElec  .         Dismiss  .     q - +0 cloak
rCorr  .         Reflect  .     (no gloves)
MR     .....     Harm     .     (no boots)
Stlth  +.........               (no amulet)
                                (no ring)
                                t - ring of positive energy

@: no status effects
A: molten scales 2, demonic guardian 1, spiny 1, inability to use devices,
reduced AC 1
a: Draw Out Power, Power Leap, Renounce Religion


You were on level 6 of the Dungeon.
You worshipped Ru.
Ru was greatly pleased with you.
You were hungry.

You visited 1 branch of the dungeon, and saw 6 of its levels.

You collected 306 gold pieces.

Inventory:

Hand Weapons
 a - a +0 long sword (weapon)
Missiles
 d - 3 throwing nets
 s - 7 tomahawks (quivered)
Armour
 b - a +0 leather armour (worn)
 c - a +0 helmet (worn)
 q - a +0 cloak (worn)
Jewellery
 t - a ring of positive energy (left hand)
Scrolls
 e - 6 scrolls of remove curse
 m - 4 scrolls of identify
 o - 2 scrolls of immolation
Potions
 j - 2 potions of flight
 l - a potion of cancellation
 n - a potion of lignification
 p - a potion of brilliance
 u - a potion of berserk rage {unknown}
 v - a potion of ambrosia {unknown}
 x - a potion of haste {unknown}
 z - a potion of heal wounds {unknown}
Books
 r - a book of Alchemy

   Spells                             Type                      Level
   a - Sublimation of Blood           Necromancy                   2
   b - Ignite Poison                  Fire/Transmutation/Poison    3
   c - Petrify                        Transmutation/Earth          4
   d - Alistair's Intoxication        Transmutation/Poison         5
   e - Irradiate                      Conjuration/Transmutation    5
Comestibles
 f - 5 bread rations
 g - a beef jerky
 h - 3 meat rations
 i - a royal jelly
 k - a chunk of flesh
 w - a slice of pizza


   Skills:
 - Level 2.0 Fighting
 + Level 9.0 Long Blades
 - Level 1.7 Throwing
 - Level 2.6 Dodging


You had 7 spell levels left.
You didn't know any spells.

Dungeon Overview and Level Annotations

Branches:
Dungeon (6/15)             Temple (0/1) D:4

Altars:
Nemelex Xobeh
Okawaru
Ru
Yredelemnul

Annotations:
D:6 Blork the orc


Innate Abilities, Weirdness & Mutations

You are mostly covered in molten scales. (AC +3)
A weak demonic guardian rushes to your aid.
You are partially covered in sharp spines.
You cannot study or use magical devices.
You take slightly more damage. (AC -3)


Message History

The gnoll shouts!
Blork the orc begins to cast a spell, but is stunned by your will!
Blork the orc miscasts a cantrip.
A scorpion comes into view.
The wight closely misses your shadow imp.
The wight is struck by your spines. The wight closely misses you.
The wight hits your shadow imp with an enchanted battleaxe.
The wight hits your shadow imp with an enchanted war axe.
Blork the orc barely misses your shadow imp.
Your shadow imp hits the wight but does no damage.
Blork the orc barely misses your shadow imp.
The wight barely misses your shadow imp.
The orc priest begins to pray, but is stunned by your will!
The wight hits your shadow imp with an enchanted war axe!
Your shadow imp dies!
Okay, then.
Okay, then.
The orc priest mumbles some strange prayers to Beogh against you.
Beogh smites you!
You die...

██ █·█ ·█ █·█ ·█ █·█
·█ █·█ ██·███ █·█
█····· █·██████··█
█ζo·······█
█·█·······█
█·█o████·██ █·█·█
█·█ █·█·█ ██·██
█o█6███oz·█ ███
█·█·██····█ █··
██████████·█··z····█
█·█
█··o5······████·████


█c█ █o██████████ █·█ █·█ █·█ █·█ █·█ █5█ █g█ █·█ █·█ █s█ █(█ █·█
█·█████████·█████· █o█ █·········(········ █o█ █·███████o██·o····█
█·█████████████·······oo···██████ █······$o·······████████████ █████████████████
You could see an orc priest and an orc wizard.

Vanquished Creatures
  A sky beast (D:5)
  3 ogres
  A centaur (D:6)
  A scorpion (D:5)
  An orc priest (D:4)
  An orc wizard (D:5)
  A hound (D:4)
  2 iguanas
  A worker ant (D:5)
  A worker ant zombie (D:5)
  A howler monkey skeleton (D:4)
  2 gnolls
  7 adders
  2 oozes
  2 worms
  6 dart slugs
  5 leopard geckos
  3 orcs
  A ball python (D:5)
  3 giant cockroaches
  7 hobgoblins
  20 jackals
  8 kobolds
  2 quokkas (D:2)
  9 bats
  6 frilled lizards
  12 goblins
  11 rats
120 creatures vanquished.

Vanquished Creatures (collateral kills)
  An ogre (D:4)
  A bullfrog (D:6)
  Crazy Yiuf (D:2)
  2 orc priests
  An adder (D:5)
  5 orcs
11 creatures vanquished.

Vanquished Creatures (others)
  An orc wizard (D:4)
1 creature vanquished.

Grand Total: 132 creatures vanquished

Notes
Turn   | Place    | Note
-------+----------+-------------------------------------------
     0 | D:1      | flowsnake the Demonspawn Gladiator began the quest for the Orb.
     0 | D:1      | Reached XP level 1. HP: 16/16 MP: 1/1
    21 | D:1      | Reached skill level 3 in Long Blades
    57 | D:1      | Gained mutation: A weak demonic guardian rushes to your aid. [demonic ancestry]
    57 | D:1      | Reached XP level 2. HP: 22/22 MP: 2/2
   449 | D:1      | Gained mutation: You are partially covered in molten scales. (AC +2) [demonic ancestry]
   449 | D:1      | Reached XP level 3. HP: 27/27 MP: 3/3
   459 | D:1      | Reached skill level 4 in Long Blades
  1143 | D:2      | Found a sacrificial altar of Ru.
  1150 | D:2      | Became a worshipper of Ru the Awakened
  1243 | D:2      | Gained mutation: You are mostly covered in molten scales. (AC +3) [demonic ancestry]
  1243 | D:2      | Reached XP level 4. HP: 13/33 MP: 4/4
  1669 | D:2      | Reached skill level 5 in Long Blades
  2038 | D:2      | Found a runed door.
  2140 | D:2      | Noticed Crazy Yiuf
  2149 | D:2      | Killed Crazy Yiuf
  2149 | D:2      | Gained mutation: You are partially covered in sharp spines. [demonic ancestry]
  2149 | D:2      | Reached XP level 5. HP: 13/38 MP: 5/5
  2698 | D:3      | Gained mutation: You take slightly more damage. (AC -3) [Ru sacrifice]
  2698 | D:3      | Reached * piety under Ru
  3341 | D:3      | Found an iron altar of Okawaru.
  3470 | D:4      | Found a sparkling altar of Nemelex Xobeh.
  3657 | D:4      | Found a staircase to the Ecumenical Temple.
  3668 | D:4      | Reached skill level 6 in Long Blades
  3676 | D:4      | Reached XP level 6. HP: 18/44 MP: 6/6
  4556 | D:4      | Reached skill level 7 in Long Blades
  4746 | D:5      | Entered Level 5 of the Dungeon
  4788 | D:5      | Reached XP level 7. HP: 21/50 MP: 7/7
  5167 | D:5      | Found a basalt altar of Yredelemnul.
  5438 | D:5      | Reached skill level 8 in Long Blades
  6228 | D:6      | Gained mutation: You cannot study or use magical devices. [Ru sacrifice]
  6228 | D:6      | Reached ** piety under Ru
  6228 | D:6      | Reached *** piety under Ru
  6228 | D:6      | Reached **** piety under Ru
  6272 | D:6      | HP: 2/50 [orc/tomahawk (4)]
  6587 | D:6      | Reached skill level 9 in Long Blades
  6587 | D:6      | Reached XP level 8. HP: 5/56 MP: 2/8
  6593 | D:6      | Noticed Blork the orc
  6655 | D:6      | Killed from afar by an orc priest

Vault maps used:
D:1:      erik_arrival_cave_to_civilisation
D:2:      first_bread, nicolae_ru_the_path_less_chosen, uniq_crazy_yiuf_cottage
D:3:      lemuel_coloured_pillars_altar
D:4:      marbit_many_paths
D:5:      yredelemnul_altar_generic
D:6:      amethyst_overflow_temple_binary, kiku_gazebo_garden_becter,
          kennysheep_flooded_box, uniq_blork_the_orc

Skill      XL: |  1  2  3  4  5  6  7 |
---------------+----------------------+-----
Long Blades    | 3 4 5 6 7 9 |  9.0
Fighting       | |  2.0
Throwing       | |  1.7
Dodging        | |  2.6

Action                   |  1- 3 |  4- 6 |  7- 9 || total
-------------------------+-------+-------+-------++-------
Melee: Long sword        |   130 |   257 |    69 ||   456
Throw: Tomahawk          |       |     4 |       ||     4
Invok: Sacrifice Health  |       |     1 |       ||     1
       Power Leap        |       |       |     1 ||     1
       Sacrifice Artific |       |       |     1 ||     1
  Use: Scroll            |     3 |     9 |     1 ||    13
 Stab: Sleeping          |     1 |       |       ||     1
       Distracted        |       |       |     3 ||     3
  Eat: Chunk             |     1 |    12 |     5 ||    18
Armor: Leather armour    |    34 |    64 |    16 ||   114
Dodge: Dodged            |    77 |   116 |    33 ||   226
